 Dungeon Crawl Stone Soup version 0.29.1-15-g9cfb28693d (webtiles) character file.

Game seed: 7226274519028051226

49007 Smoke131 the Arsonist (level 14, -14/122 HPs)
             Began as a Pale Draconian Fire Elementalist on Feb 21, 2023.
             Was a High Priest of Vehumet.
             Demolished by Rupert
             ... wielding a +4 great sword of holy wrath
              (46 damage)
             ... on level 5 of the Lair of Beasts.
             The game lasted 01:36:49 (26506 turns).

Smoke131 the Arsonist (DrFE)                       Turns: 26506, Time: 01:36:50

Health: -14/122    AC: 16    Str: 12    XL:     14   Next: 14%
Magic:  16/28      EV: 17    Int: 26    God:    Vehumet [*****.]
Gold:   1046       SH:  5    Dex: 17    Spells: 2/33 levels left

rFire   . . .      SeeInvis +   J - +5 spear (venom)
rCold   . . .      Faith    .   j - +0 buckler
rNeg    . . .      Spirit   .   (body armour unavailable)
rPois   .          Reflect  .   R - +2 hat
rElec   .          Harm     .   K - +1 cloak
rCorr   .          Rampage  .   B - +0 pair of gloves
Will    +....                   e - +2 pair of boots
Stlth   ++........              N - amulet "Gaanget" {RegenMP +Inv}
HPRegen 0.30/turn               p - ring of Rehi {Int+6 SInv}
MPRegen 0.61/turn               k - +6 ring of dexterity

@: invisible
A: breathe steam, AC +8, unfitting armour, cold-blooded, steam resistance
a: Breathe Steam, Renounce Religion, Evoke Invisibility


You were on level 5 of the Lair of Beasts.
You worshipped Vehumet.
Vehumet was extremely pleased with you.
You visited 3 branches of the dungeon, and saw 17 of its levels.
You also visited: Sewer.

You collected 1046 gold pieces.

Inventory:

Hand Weapons
 t - the +7 rapier of the Smoking Pill Bug {vorpal, Fragile rC+ Str+5 Dex+3}
   (You found it on level 3 of the Dungeon)

   It inflicts extra damage upon your enemies.
   Str:       It affects your strength (+5).
   Dex:       It affects your dexterity (+3).
   rC:        It protects you from cold.
   Fragile:   It will be destroyed if unequipped.
 D - a +1 vorpal trident
 J - a +5 spear of venom (weapon)
Missiles
 v - 3 throwing nets
Armour
 e - a +2 pair of boots (worn)
 j - a +0 buckler (worn)
 B - a +0 pair of gloves (worn)
 K - a +1 cloak (worn)
 R - a +2 hat (worn)
Jewellery
 k - a +6 ring of dexterity (right hand)
 p - the ring of Rehi (left hand) {Int+6 SInv}
   (You found it in a sewer)

   [ring of intelligence]

   Int:       It affects your intelligence (+6).
   SInv:      It lets you see invisible.
 u - a ring of protection from cold
 G - a ring of willpower
 N - the amulet "Gaanget" (around neck) {RegenMP +Inv}
   (You acquired it on level 3 of the Lair of Beasts)

   [amulet of magic regeneration]

   It increases your rate of magic regeneration.
   +Inv:      It lets you turn invisible.
 Q - a ring of wizardry
 S - a ring of ice
Wands
 f - a wand of digging (6)
 l - a wand of charming (3)
 z - a wand of roots (15)
 A - a wand of polymorph (14)
 F - a wand of mindburst (9)
 O - a wand of quicksilver (4)
 P - a wand of flame (8)
Scrolls
 b - a scroll of teleportation
 d - 5 scrolls of vulnerability
 i - a scroll of butterflies
 y - 2 scrolls of fear
 E - 2 scrolls of identify
Potions
 a - 4 potions of magic
 c - 4 potions of ambrosia
 g - 6 potions of mutation
 h - 2 potions of haste
 m - 6 potions of might
 n - 4 potions of brilliance
 o - 2 potions of berserk rage
 q - 7 potions of lignification
 r - 2 potions of flight
 s - 10 potions of curing
 w - a potion of heal wounds
 x - 2 potions of resistance
 I - a potion of invisibility
 M - 2 potions of attraction


   Skills:
 + Level 10.3 Fighting
 + Level 10.2 Dodging
 - Level 1.7 Stealth
 + Level 4.6 Shields
 + Level 10.2 Spellcasting
 + Level 10.2 Conjurations
 - Level 7.0 Translocations
 + Level 10.3 Fire Magic
 - Level 8.0 Ice Magic


You had 2 spell levels left.
You knew the following spells:

 Your Spells              Type           Power      Damage    Failure   Level
a - Foxfire               Conj/Fire      100%       2x1d9     1%          1
b - Scorch                Fire           100%       2d10      1%          2
c - Conjure Flame         Conj/Fire      61%        6-21      1%          3
d - Sticky Flame          Conj/Fire      61%        2d8       1%          4
e - Flame Wave            Conj/Fire      61%        2d14      1%          4
f - Fireball              Conj/Fire      30%        3d13      1%          5
k - Blink                 Tloc           98%        N/A       1%          2
o - Ozocubu's Armour      Ice            53%        N/A       1%          3
z - Orb of Destruction    Conj           30%        9d10      17%         7

Your spell library contained the following spells:

 Spells                   Type           Power      Damage    Failure   Level
 Magic Dart               Conj           100%       1d8       1%          1
 Searing Ray              Conj           100%       2d8       1%          2
 Poisonous Vapours        Pois/Air       26%        N/A       2%          2
 Beastly Appendage        Tmut           26%        N/A       6%          1
 Sting                    Tmut/Pois      52%        1d5       6%          1
 Wereblood                Tmut           13%        N/A       9%          2
 Inner Flame              Hex/Fire       40%        N/A       1%          3
 Lesser Beckoning         Tloc           49%        N/A       1%          3
 Stone Arrow              Conj/Erth      80%        3d12      1%          3
 Fulminant Prism          Conj/Hex       20%        3d13      1%          4
 Iskenderun's Mystic Bla  Conj/Tloc      55%        2d12      1%          4
 Manifold Assault         Tloc           49%        N/A       9%          5
 Olgreb's Toxic Radiance  Pois           13%        N/A       16%         4
 Spider Form              Tmut/Pois      13%        N/A       17%         3
 Lee's Rapid Deconstruct  Erth           6%         3d7*      36%         5
 Ozocubu's Refrigeration  Ice            26%        4d13      41%         7
 Lehudib's Crystal Spear  Conj/Erth      20%        10d6      100%        8
 Animate Armour           Summ/Erth      Unusable   N/A       N/A         4

Dungeon Overview and Level Annotations

Branches:
Dungeon (11/15)            Temple (1/1) D:5            Lair (5/5) D:11
  Swamp (0/4) Lair:3        Snake (0/4) Lair:3        Slime (0/5) Lair:4
    Orc (0/2) D:11          Sewer (visited)

Altars:
Ashenzari
Cheibriados
Dithmenos
Elyvilon
Fedhas
Gozag
Hepliaklqana
Kikubaaqudgha
Makhleb
Nemelex Xobeh
Okawaru
Qazlal
Ru
Sif Muna
Trog
Uskayaw
Vehumet
Wu Jian
Xom
Yredelemnul
Zin
The Shining One

Shops:
D:3 :

Annotations:
D:3 exclusion: oklob plant
Lair:5 Rupert


Innate Abilities, Weirdness & Mutations

You can breathe blasts of scalding, opaque steam.
Your pale cyan-grey scales are hard. (AC +8)
You cannot fit into any form of body armour.
You are cold-blooded and may be slowed by cold attacks.
You are immune to the effects of steam.


Message History

Rupert burns!
Rupert burns!
Rupert is no longer more vulnerable to fire.
Rupert burns!
Rupert screams, "Red!
No, blue!"
Rupert roars madly and goes into a rage!
Rupert goes berserk!
Rupert burns!
Rupert stops burning.
The cane toad is no longer more vulnerable to fire.
Casting: Sticky Flame (safe; 1% risk of failure)
Confirm with . or Enter, or press ? or * to list all spells.
Aiming: Sticky Flame (safe; 1% risk of failure)
Press: ? - help, Shift-Dir - straight line, f/p - Rupert
Aim: Rupert, wielding a +4 great sword of holy wrath and wearing a +0 chain mail (heavily wounded, berserk, 100% to hit)
The sticky flame hits Rupert.
Rupert is heavily wounded.
Rupert is covered in liquid flames!
Rupert burns!
Rupert hits you with a +4 great sword of holy wrath!
You block Rupert's attack.
Rupert burns!
Casting: Sticky Flame (safe; 1% risk of failure)
Confirm with . or Enter, or press ? or * to list all spells.
Flames lash the cane toad.
The cane toad is heavily wounded.
The cane toad's fire resistance burns away.
Rupert burns!
Rupert misses you. You block Rupert's attack.
Casting: Scorch (safe; 1% risk of failure)
Confirm with . or Enter, or press ? or * to list all spells.
Aiming: Sticky Flame (safe; 1% risk of failure)
Press: ? - help, Shift-Dir - straight line, f/p - Rupert
Aim: Rupert, wielding a +4 great sword of holy wrath and wearing a +0 chain mail (heavily wounded, berserk, covered in liquid flames, 100% to hit)
The sticky flame hits Rupert!
Rupert is severely wounded.
Rupert is covered in liquid flames!
Rupert burns!
Rupert hits you with a +4 great sword of holy wrath!!
* * * LOW HITPOINT WARNING * * *
You fade into invisibility!
Rupert burns!
Rupert misses you.
Rupert hits you with a +4 great sword of holy wrath!!!
You die...

##...............#
......÷.........P#
#...÷............## ###
....÷.............#####.#
..÷..............#.#.?.##
..÷...........(.......##
......................#
.........##.#....#...##
#.#...######.#.#@#...##
###...# ######@....##
#...# #......# ###...#
##......## #..####
#........# #..#.#
#.....<.### .....###
#P....†...# .......#
##.......##
.###.P.########
##......###


You could see Rupert (berserk, unable to see you, burning).

Vanquished Creatures
  Gastronok (Lair:1)
  Fannar (Lair:2)
  4 hydras
  2 boulder beetles
  2 two-headed ogres
  A centaur warrior (D:11)
  An ice dragon (Lair:4)
  Sonja (Lair:4)
  A deep elf pyromancer (D:11)
  2 oklob plants (D:11)
  A cyclops (D:11)
  15 elephants
  A manticore (D:11)
  6 black mambas
  A torpor snail (Lair:4)
  7 cane toads
  2 gargoyles (D:11)
  2 unseen horrors
  7 kobold demonologists
  A rime drake (Lair:5)
  4 trolls
  5 polar bears
  10 komodo dragons
  A queen bee (D:11)
  19 blink frogs
  Prince Ribbit (D:9)
  A slime creature (D:11)
  A hornet (D:7)
  8 dream sheep (Lair:4)
  2 shadows (D:11)
  2 wraiths (D:11)
  20 yaks
  A steam dragon (Lair:3)
  2 humans (D:10)
  3 vampire mosquitoes (Lair:3)
  4 nagas (Lair:3)
  2 acid dragons (D:11)
  12 water moccasins
  Pargi (Sewer)
  5 orc warriors
  2 black bears
  6 wolves
  3 ogres
  5 centaurs
  5 kobold brigands (D:11)
  10 bullfrogs
  10 gnoll sergeants
  A scorpion (D:11)
  9 wights
  33 killer bees
  5 spriggan skeletons (D:9)
  A troll skeleton (D:9)
  9 howler monkeys
  A lava snake (D:7)
  6 hounds
  6 orc priests
  Ijyb (D:1)
  3 iguanas
  13 orc wizards
  5 adders
  23 gnolls
  A river rat (D:4)
  2 shadow imps (D:6)
  A white imp (D:7)
  An ufetubus (D:5)
  4 worms
  2 dart slugs
  42 orcs
  10 endoplasms
  4 giant cockroaches
  13 goblins
  7 hobgoblins
  5 quokkas
  6 ball pythons
  4 bats
  4 frilled lizards
  19 kobolds
  3 rats
  A spectral orc (D:8)
449 creatures vanquished.

Vanquished Creatures (collateral kills)
  A black mamba (Lair:5)
  8 blink frogs (Lair:5)
  5 dream sheep (Lair:5)
  A wyvern (D:4)
  An ogre (D:4)
  An adder (D:4)
  A goblin (D:4)
  A hobgoblin (D:4)
  A quokka (D:4)
  7 foxfires
27 creatures vanquished.

Vanquished Creatures (others)
  1148 foxfires
  53 fungi
  58 plants
1259 creatures vanquished.

Grand Total: 1735 creatures vanquished

Notes
Turn   | Place    | Note
-------+----------+-------------------------------------------
     0 | D:1      | Smoke131 the Draconian Fire Elementalist began the quest
                  | for the Orb.
     0 | D:1      | Reached XP level 1. HP: 14/14 MP: 3/3
   629 | D:1      | Reached XP level 2. HP: 22/22 MP: 0/5
   850 | D:1      | Reached skill level 1 in Fighting
   894 | D:1      | Found a faded altar of an unknown god.
  1101 | D:1      | Reached XP level 3. HP: 28/28 MP: 2/6
  1462 | D:1      | Learned a level 2 spell: Scorch
  1465 | D:1      | Learned a level 2 spell: Searing Ray
  2177 | D:2      | Noticed Ijyb
  2252 | D:1      | Killed Ijyb
  2253 | D:1      | Reached XP level 4. HP: 21/36 MP: 0/7
  3045 | D:3      | Found a blossoming altar of Fedhas.
  3067 | D:3      | Noticed an oklob plant
  3269 | D:3      | Found Mohiukh's Vocational Training.
  3470 | D:3      | Identified the +7 rapier of the Smoking Pill Bug {vorpal,
                  | Fragile rC+ Str+5 Dex+3}
  3519 | D:3      | You fall into a shaft and drop 2 floors!
  3519 | D:5      | Entered Level 5 of the Dungeon
  3530 | D:5      | Found a staircase to the Ecumenical Temple.
  3577 | Temple   | Entered the Ecumenical Temple
  3598 | Temple   | Became a worshipper of Vehumet
  3679 | D:4      | Noticed an ogre
  3713 | D:5      | Reached XP level 5. HP: 39/41 MP: 2/9
  3875 | D:4      | Learned a level 3 spell: Conjure Flame
  3876 | D:4      | Noticed a wyvern
  3883 | D:4      | Killed a wyvern
  3884 | D:4      | Reached XP level 6. HP: 49/50 MP: 2/10
  3920 | D:4      | Found a sacrificial altar of Ru.
  4011 | D:4      | Found a glowing drain.
  4035 | Sewer    | Entered a sewer
  4104 | Sewer    | Noticed Pargi
  4108 | Sewer    | Killed Pargi
  4109 | Sewer    | Your scales start taking on a pale cyan-grey colour.
  4109 | Sewer    | Reached skill level 5 in Fire Magic
  4109 | Sewer    | Reached XP level 7. HP: 49/57 MP: 3/12
  4109 | Sewer    | Gained mutation: You are immune to the effects of steam.
                  | [Pale Draconian growth]
  4220 | Sewer    | Identified the ring of Rehi {Int+6 SInv}
  4299 | Sewer    | Reached * piety under Vehumet
  4299 | Sewer    | Offered knowledge of Freeze by Vehumet.
  4827 | D:4      | Found a glowing silver altar of Zin.
  5323 | D:5      | Found a burning altar of Makhleb.
  5761 | D:5      | Learned a level 4 spell: Flame Wave
  6075 | D:6      | Reached XP level 8. HP: 59/66 MP: 2/14
  6359 | D:6      | Reached ** piety under Vehumet
  6360 | D:6      | Offered knowledge of Static Discharge by Vehumet.
  6784 | D:6      | Reached skill level 5 in Fighting
  6926 | D:6      | Found a hazy altar of Hepliaklqana.
  7261 | D:7      | Learned a level 2 spell: Blink
  7269 | D:7      | Noticed a hornet
  7275 | D:7      | Killed a hornet
  7276 | D:7      | Reached skill level 5 in Dodging
  7276 | D:7      | Reached skill level 5 in Spellcasting
  7276 | D:7      | Reached skill level 5 in Conjurations
  7455 | D:7      | Found an ornate altar of the Wu Jian Council.
  7494 | D:7      | Reached XP level 9. HP: 74/74 MP: 9/16
  8003 | D:7      | Offered knowledge of Stone Arrow by Vehumet.
  8012 | D:7      | Identified the +1 quarterstaff "Alucridab" {protect, Dex+3}
                  | (You took it off an orc on level 7 of the Dungeon)
  8429 | D:8      | Noticed a troll
  8437 | D:8      | Killed a troll
  8652 | D:8      | Reached skill level 1 in Shields
  8840 | D:8      | Reached *** piety under Vehumet
  9420 | D:8      | Noticed a kobold demonologist
  9421 | D:8      | Noticed a kobold demonologist
  9427 | D:8      | Noticed a rust devil
  9612 | D:8      | Noticed an orange demon
 10291 | D:8      | Noticed a two-headed ogre
 10327 | D:8      | Killed a two-headed ogre
 10328 | D:8      | Reached skill level 1 in Translocations
 10328 | D:8      | Reached XP level 10. HP: 84/84 MP: 6/19
 10462 | D:8      | Found a basalt altar of Yredelemnul.
 10545 | D:8      | Noticed a rust devil
 10547 | D:8      | Noticed a sixfirhy
 11171 | D:9      | Noticed Prince Ribbit
 11181 | D:9      | Killed Prince Ribbit
 11286 | D:9      | Found a snail-covered altar of Cheibriados.
 11329 | D:9      | Offered knowledge of Sticky Flame by Vehumet.
 11363 | D:9      | Learned a level 4 spell: Sticky Flame
 12136 | D:10     | Entered Level 10 of the Dungeon
 12302 | D:10     | Found an iron altar of Okawaru.
 12323 | D:10     | Reached **** piety under Vehumet
 12492 | D:10     | Offered knowledge of Fireball by Vehumet.
 12878 | D:10     | Found an opulent altar of Gozag.
 13072 | D:10     | Reached XP level 11. HP: 71/94 MP: 12/21
 14100 | D:11     | Learned a level 5 spell: Fireball
 14557 | D:11     | Identified the +1 leather armour of the Hart {MP+9}
 15088 | D:11     | Noticed an oklob plant
 15138 | D:11     | Noticed an oklob plant
 15173 | D:11     | Killed an oklob plant
 15294 | D:11     | Noticed a two-headed ogre
 15318 | D:11     | Killed a two-headed ogre
 15569 | D:11     | Reached ***** piety under Vehumet
 15837 | D:11     | Offered knowledge of Airstrike by Vehumet.
 16100 | D:11     | Reached skill level 5 in Translocations
 16519 | D:11     | Noticed a boulder beetle
 16531 | D:11     | Killed a boulder beetle
 16818 | D:11     | Found a staircase to the Orcish Mines.
 16854 | D:11     | Reached XP level 12. HP: 71/104 MP: 8/23
 17144 | D:11     | Found a staircase to the Lair.
 17445 | D:11     | Reached skill level 10 in Fire Magic
 17622 | D:11     | Noticed a centaur warrior
 18242 | D:11     | Killed a centaur warrior
 18453 | Lair:1   | Entered Level 1 of the Lair of Beasts
 18582 | Lair:1   | Noticed Gastronok
 18600 | Lair:1   | Killed Gastronok
 19261 | Lair:1   | Reached skill level 10 in Fighting
 20195 | Lair:2   | Identified a scroll of acquirement
 20205 | Lair:2   | Noticed Fannar
 20238 | Lair:2   | Killed Fannar
 21203 | Lair:2   | Reached skill level 10 in Conjurations
 21502 | Lair:3   | Noticed a five-headed hydra
 21511 | Lair:3   | Killed a five-headed hydra
 21512 | Lair:3   | Reached XP level 13. HP: 113/113 MP: 18/26
 21513 | Lair:3   | Acquired the amulet "Gaanget" {RegenMP +Inv}
 21814 | Lair:3   | You fall into a shaft and drop 2 floors!
 21814 | Lair:5   | Entered Level 5 of the Lair of Beasts
 21822 | Lair:4   | Noticed Rupert
 21877 | Lair:5   | HP: 1/113 [blink frog (18)]
 22333 | Lair:4   | Noticed Sonja
 22344 | Lair:4   | Killed Sonja
 22345 | Lair:4   | Reached skill level 10 in Dodging
 22345 | Lair:4   | Reached skill level 10 in Spellcasting
 22361 | Lair:4   | Learned a level 3 spell: Ozocubu's Armour
 22400 | Lair:4   | Reached skill level 1 in Ice Magic
 22661 | Lair:3   | Identified the +0 hand axe of the Grave {drain, Int+3}
 22993 | Lair:3   | Reached skill level 5 in Ice Magic
 23014 | Lair:3   | Found a staircase to the Snake Pit.
 23324 | Lair:3   | Found a staircase to the Swamp.
 24045 | Lair:3   | Offered knowledge of Orb of Destruction by Vehumet.
 24190 | Lair:4   | Identified the +5 ring mail of Resilience {Dex+4}
 24291 | Lair:4   | Learned a level 7 spell: Orb of Destruction
 24458 | Lair:4   | Found a staircase to the Slime Pits.
 25359 | Lair:5   | Reached XP level 14. HP: 110/121 MP: 25/28
 26506 | Lair:5   | Demolished by Rupert

Illustrated notes

Levels and vault maps discovered:
D:1:      lemuel_arrival_behind_the_door_large, layout_loops_cross,
          shapermc_ecumenical_altar_ellora, minivault_4
D:2:      kennysheep_the_goblin_king, layout_rooms
D:3:      layout_basic, tgw_fedhas, minmay_crystal_water,
          nicolae_shop_vocational
D:4:      layout_gridville, zin_academy, nicolae_ru_sacrificial_ziggurat,
          cheibrodos_sewer_entry_sluice, kennysheep_generic_room_14
D:5:      layout_basic, kennysheep_little_box, temple_pool_b, eino_tiny_chamber,
          dk_rats_in_the_wall, uniq_ijyb
D:6:      layout_rooms, amcnicky_altar_gilded
D:7:      layout_loops_ring, nzn_wu_jian_contemplation, kennysheep_potato
D:8:      layout_basic, yredelemnul_forgotten_temple_becter,
          roderic_filled_cross
D:9:      layout_basic, lemuel_tele_altar, hangedman_tell_no_tales,
          uniq_prince_ribbit1
D:10:     layout_layer_cave, okawaru_humans, grunt_gozag_breadcrumbs
D:11:     regret_index_harrowing_hell_hive, layout_loops_ring,
          grunt_lair_entry_orc_guard_hut, kennysheep_orc_monster_closet_entryway
Temple:   chequers_temple_sunken
Lair:1:   hellmonk_destroyed_diamonds, layout_layer_cave, uniq_gastronok
Lair:2:   layout_chaotic_city, chequers_serial_rivers_small_b,
          grunt_megastairs_2, lemuel_fruit_fields, uniq_fannar
Lair:3:   layout_long_grid, minmay_swamp_entry_swarm,
          minmay_snake_entry_guardpost_small
Lair:4:   layout_regular_city, slime_entry_1,
          portal_ice_cave_entry_animals_and_master, infiniplex_staircase_pool_2,
          uniq_sonja, uniq_rupert
Lair:5:   minmay_lair_end_enchanted_forest, layout_cave_pods, st_stairs_8

Skill      XL: |  1  2  3  4  5  6  7  8  9 10 11 12 13 14 |
---------------+-------------------------------------------+-----
Dodging        | 2 3 4 5 6 7 9 10 | 10.2
Fighting       | 1 2 3 4 5 6 7 9 10 | 10.3
Conjurations   | 2 3 4 5 6 7 8 10 | 10.2
Spellcasting   | 3 4 5 6 7 9 10 | 10.2
Fire Magic     | 4 5 6 7 8 9 10 | 10.3
Shields        | 3 4 |  4.6
Translocations | 1 3 5 7 |  7.0
Ice Magic      | 7 8 |  8.0
Stealth        | |  1.7

Action                   |  1- 3 |  4- 6 |  7- 9 | 10-12 | 13-15 || total
-------------------------+-------+-------+-------+-------+-------++-------
Melee: Short sword       |    54 |       |       |       |       ||    54
       Unarmed           |     5 |       |       |       |       ||     5
       Tailslap          |     8 |     3 |    10 |    23 |     3 ||    47
       Spear             |    33 |    39 |    81 |   131 |    45 ||   329
       Punch             |       |     3 |     2 |       |       ||     5
       Trident           |       |       |    38 |     2 |       ||    40
 Cast: Foxfire           |    60 |    29 |   135 |   324 |   161 ||   709
       Scorch            |     4 |    16 |   103 |   209 |    87 ||   419
       Conjure Flame     |       |       |    12 |    15 |     4 ||    31
       Searing Ray       |       |       |     2 |     1 |       ||     3
       Flame Wave        |       |       |     1 |     7 |     4 ||    12
       Sticky Flame      |       |       |       |    54 |    46 ||   100
       Fireball          |       |       |       |     4 |    17 ||    21
       Blink             |       |       |       |       |     2 ||     2
       Ozocubu's Armour  |       |       |       |       |     1 ||     1
 Abil: Breathe Steam     |       |       |     3 |     7 |     2 ||    12
Evoke: Wand              |       |       |       |     4 |       ||     4
  Use: Scroll            |       |     9 |    10 |    10 |    11 ||    40
       Potion            |       |       |       |       |     4 ||     4
 Stab: Sleeping          |     2 |     1 |     3 |     2 |       ||     8
Armor: Skin              |    57 |    24 |    44 |    83 |    65 ||   273
Dodge: Dodged            |    75 |    34 |    82 |   202 |   155 ||   548
Block: Buckler           |       |       |    10 |    84 |    63 ||   157
